[ AOE2 MATCH · #495736148 ]
UnrankedTeutons vs Vikings
Player's team · LOSS
Rival team · WIN
[ REPLAY ANALYSIS · EXTRACTED FROM THE RECORDED GAME ]
Feudal
8:52
Castle
23:35
Imperial
37:03
| APM avg | 37.1 |
| APM peak | 68 |
| eAPM avg | 23.3 |
| Villagers / military | 171 / 55 |
Focus
⚔️ 36.4% · 🌾 63.6%
Monk ×27 · Mangonel ×17 · Teutonic Knight ×7 · Trebuchet (Packed) ×2 · Scorpion ×1 · Battering Ram ×1
Feudal
10:56
Castle
15:02
Imperial
33:06
| APM avg | 47.0 |
| APM peak | 103 |
| eAPM avg | 23.4 |
| Villagers / military | 150 / 179 |
Focus
⚔️ 38.2% · 🌾 61.8%
Berserk ×105 · Archer ×43 · Battering Ram ×18 · Trebuchet (Packed) ×9 · Mangonel ×3 · Monk ×1
Match map
Initial resources + every placement click. Lines = walls · curves = elevation contours. ◆ gold · ⬟ stone · ● berries · ✦ relic · ◌ wall gap
Your base· ✓ Closed at 23:35 · 12t walls · 2 gate(s)
OS | pilot's base· ✓ Closed at 15:02 · 37t walls · 3 gate(s)
Smoothed initial terrain · ◌ = detected wall gap · hover for details
Inputs per minute
— The Chancellor - - OS | pilot
Build order — The Chancellor
First 150 of 409 actions detected
| 0:00 | Queue | Villager (Male) |
| 0:00 | Queue | Villager (Male) |
| 0:00 | Queue | Villager (Male) |
| 0:01 | Queue | Villager (Male) |
| 0:02 | Build | House |
| 0:03 | Build | House |
| 1:24 | Queue | Villager (Male) |
| 1:43 | Build | Lumber Camp |
| 2:03 | Queue | Villager (Male) |
| 2:04 | Queue | Villager (Male) |
| 2:44 | Queue | Villager (Male) |
| 3:08 | Build | House |
| 3:09 | Build | House |
| 3:22 | Queue | Villager (Male) |
| 3:22 | Queue | Villager (Male) |
| 3:25 | Queue | Villager (Male) |
| 4:11 | Queue | Villager (Male) |
| 4:25 | Build | Mill |
| 4:32 | Queue | Villager (Male) |
| 4:59 | Queue | Villager (Male) |
| 5:21 | Queue | Villager (Male) |
| 5:59 | Research | Loom |
| 6:37 | Research | Feudal Age |
| 7:40 | Queue | Villager (Male) |
| 7:43 | Queue | Villager (Male) |
| 8:03 | Build | Mining Camp |
| 8:41 | Build | House |
| 8:44 | Queue | Villager (Male) |
| 8:52 | Age | Feudal Age |
| 8:54 | Build | Watch Tower |
| 9:10 | Research | Double-Bit Axe |
| 9:20 | Queue | Villager (Male) |
| 9:41 | Build | Blacksmith |
| 10:17 | Build | Watch Tower |
| 10:24 | Build | Palisade Wall |
| 10:25 | Build | Palisade Wall |
| 10:26 | Build | Palisade Wall |
| 10:27 | Build | Palisade Wall |
| 10:30 | Queue | Villager (Male) |
| 10:41 | Research | Fletching |
| 11:27 | Queue | Villager (Male) |
| 11:42 | Build | Watch Tower |
| 12:04 | Queue | Villager (Male) |
| 12:38 | Build | Outpost |
| 12:44 | Queue | Villager (Male) |
| 12:50 | Research | Town Watch |
| 12:59 | Build | Watch Tower |
| 13:13 | Queue | Villager (Male) |
| 13:28 | Build | House |
| 13:29 | Build | House |
| 13:49 | Build | Outpost |
| 13:53 | Queue | Villager (Male) |
| 13:55 | Queue | Villager (Male) |
| 14:11 | Build | Farm |
| 14:12 | Build | Farm |
| 14:12 | Build | Farm |
| 14:12 | Build | Farm |
| 14:12 | Build | Farm |
| 14:29 | Build | Watch Tower |
| 14:51 | Build | Farm |
| 14:53 | Queue | Villager (Male) |
| 15:07 | Build | Stone Wall |
| 15:08 | Build | Stone Wall |
| 15:08 | Build | Stone Wall |
| 15:09 | Build | Stone Wall |
| 15:09 | Build | Stone Wall |
| 15:09 | Build | Stone Wall |
| 15:10 | Build | Stone Wall |
| 15:11 | Build | Stone Wall |
| 15:17 | Queue | Villager (Male) |
| 15:21 | Build | House |
| 15:23 | Build | House |
| 15:29 | Build | Outpost |
| 15:31 | Queue | Villager (Male) |
| 15:47 | Queue | Villager (Male) |
| 15:53 | Build | Watch Tower |
| 16:13 | Queue | Villager (Male) |
| 16:16 | Queue | Villager (Male) |
| 16:43 | Queue | Villager (Male) |
| 17:01 | Queue | Villager (Male) |
| 17:02 | Queue | Villager (Male) |
| 17:16 | Queue | Villager (Male) |
| 17:33 | Queue | Villager (Male) |
| 17:45 | Build | Farm |
| 17:45 | Build | Farm |
| 17:45 | Build | Farm |
| 17:46 | Build | Farm |
| 17:46 | Build | Farm |
| 17:46 | Build | Farm |
| 18:08 | Queue | Villager (Male) |
| 19:15 | Queue | Villager (Male) |
| 19:24 | Build | Market |
| 19:36 | Build | Mining Camp |
| 20:34 | Research | Wheelbarrow |
| 20:41 | Build | Mining Camp |
| 20:55 | Research | Castle Age |
| 21:30 | Research | Horse Collar |
| 22:27 | Build | Lumber Camp |
| 23:08 | Build | House |
| 23:09 | Build | House |
| 23:10 | Build | House |
| 23:35 | Age | Castle Age |
| 23:41 | Queue | Villager (Male) |
| 23:45 | Build | Monastery |
| 24:01 | Queue | Villager (Male) |
| 24:12 | Research | Town Patrol |
| 24:15 | Research | Wheelbarrow |
| 24:24 | Queue | Villager (Male) |
| 24:25 | Queue | Monk |
| 24:38 | Build | Castle |
| 24:53 | Queue | Villager (Male) |
| 24:56 | Build | House |
| 25:00 | Queue | Monk |
| 25:23 | Research | Bodkin Arrow |
| 25:23 | Research | Bodkin Arrow |
| 26:19 | Build | Siege Workshop |
| 26:21 | Queue | Villager (Male) |
| 26:32 | Queue | Monk |
| 26:36 | Queue | Villager (Male) |
| 26:41 | Build | Mining Camp |
| 27:03 | Queue | Teutonic Knight |
| 27:20 | Queue | Battering Ram |
| 27:20 | Queue | Villager (Male) |
| 27:21 | Build | House |
| 27:38 | Build | Farm |
| 27:55 | Build | Mining Camp |
| 28:19 | Queue | Mangonel |
| 28:43 | Queue | Villager (Male) |
| 29:19 | Queue | Monk |
| 29:23 | Build | Monastery |
| 29:27 | Queue | Villager (Male) |
| 29:28 | Queue | Villager (Male) |
| 29:32 | Build | Farm |
| 29:32 | Queue | Villager (Male) |
| 29:49 | Queue | Mangonel |
| 30:07 | Research | Fervor |
| 30:08 | Queue | Monk |
| 30:08 | Queue | Monk |
| 30:09 | Queue | Villager (Male) |
| 30:14 | Queue | Monk |
| 30:37 | Queue | Villager (Male) |
| 30:50 | Build | House |
| 30:53 | Research | Sanctity |
| 30:55 | Build | Monastery |
| 31:00 | Queue | Villager (Male) |
| 31:15 | Build | Farm |
| 31:17 | Build | Farm |
| 31:43 | Research | Gold Mining |
| 31:44 | Queue | Villager (Male) |
| 32:09 | Queue | Villager (Male) |
Build order — OS | pilot
First 150 of 559 actions detected
| 0:00 | Queue | Villager (Male) |
| 0:01 | Queue | Villager (Male) |
| 0:01 | Queue | Villager (Male) |
| 0:01 | Queue | Villager (Male) |
| 0:02 | Build | House |
| 0:04 | Build | House |
| 1:23 | Queue | Villager (Male) |
| 1:58 | Build | Lumber Camp |
| 2:06 | Queue | Villager (Male) |
| 2:06 | Queue | Villager (Male) |
| 2:43 | Queue | Villager (Male) |
| 2:43 | Queue | Villager (Male) |
| 3:25 | Build | House |
| 3:25 | Build | House |
| 3:26 | Build | House |
| 3:32 | Queue | Villager (Male) |
| 3:52 | Queue | Villager (Male) |
| 4:10 | Build | Mill |
| 4:30 | Queue | Villager (Male) |
| 4:30 | Queue | Villager (Male) |
| 4:34 | Build | House |
| 4:45 | Queue | Villager (Male) |
| 5:36 | Queue | Villager (Male) |
| 5:36 | Queue | Villager (Male) |
| 5:50 | Queue | Villager (Male) |
| 6:02 | Queue | Villager (Male) |
| 6:02 | Queue | Villager (Male) |
| 6:13 | Build | Lumber Camp |
| 6:34 | Queue | Villager (Male) |
| 6:35 | Queue | Villager (Male) |
| 7:27 | Queue | Villager (Male) |
| 7:50 | Queue | Villager (Male) |
| 8:01 | Build | Farm |
| 8:31 | Build | Mining Camp |
| 8:36 | Research | Feudal Age |
| 8:43 | Build | Farm |
| 8:47 | Build | Farm |
| 9:07 | Build | Palisade Wall |
| 9:19 | Build | Palisade Wall |
| 9:29 | Build | House |
| 9:44 | Queue | Villager (Male) |
| 9:45 | Queue | Villager (Male) |
| 9:53 | Build | Palisade Wall |
| 10:04 | Build | Palisade Wall |
| 10:22 | Build | Palisade Wall |
| 10:23 | Build | Palisade Wall |
| 10:39 | Build | Palisade Wall |
| 10:56 | Age | Feudal Age |
| 11:02 | Research | Loom |
| 11:10 | Build | Market |
| 11:17 | Build | Blacksmith |
| 11:24 | Build | House |
| 11:28 | Build | House |
| 11:36 | Build | House |
| 11:44 | Queue | Villager (Male) |
| 11:50 | Build | House |
| 11:58 | Build | House |
| 12:13 | Build | House |
| 12:22 | Research | Castle Age |
| 12:42 | Build | Mining Camp |
| 14:25 | Build | House |
| 14:29 | Build | House |
| 14:50 | Queue | Villager (Male) |
| 15:02 | Age | Castle Age |
| 15:02 | Research | Double-Bit Axe |
| 15:06 | Build | Siege Workshop |
| 15:11 | Build | Mining Camp |
| 15:12 | Queue | Villager (Male) |
| 15:36 | Queue | Mangonel |
| 15:36 | Queue | Mangonel |
| 15:53 | Queue | Villager (Male) |
| 16:11 | Queue | Villager (Male) |
| 16:29 | Queue | Villager (Male) |
| 16:42 | Queue | Villager (Male) |
| 16:44 | Queue | Villager (Male) |
| 17:24 | Build | Town Center |
| 17:37 | Queue | Villager (Male) |
| 18:32 | Build | Farm |
| 19:04 | Queue | Villager (Male) |
| 19:41 | Queue | Villager (Male) |
| 20:41 | Build | Farm |
| 20:42 | Build | Farm |
| 21:08 | Build | Stone Wall |
| 21:15 | Queue | Villager (Male) |
| 21:15 | Queue | Villager (Male) |
| 21:19 | Queue | Villager (Male) |
| 21:22 | Build | Town Center |
| 21:47 | Research | Horse Collar |
| 21:54 | Queue | Villager (Male) |
| 22:08 | Queue | Villager (Male) |
| 22:13 | Build | Farm |
| 22:13 | Build | Farm |
| 22:14 | Build | Farm |
| 22:20 | Build | Farm |
| 22:21 | Build | Farm |
| 22:22 | Build | Farm |
| 22:37 | Queue | Villager (Male) |
| 22:37 | Queue | Villager (Male) |
| 22:46 | Build | Farm |
| 22:46 | Queue | Villager (Male) |
| 22:49 | Build | Farm |
| 22:55 | Build | House |
| 23:12 | Queue | Villager (Male) |
| 23:14 | Queue | Villager (Male) |
| 23:22 | Queue | Villager (Male) |
| 23:24 | Build | House |
| 23:31 | Build | Farm |
| 23:35 | Queue | Villager (Male) |
| 23:41 | Queue | Villager (Male) |
| 23:41 | Queue | Villager (Male) |
| 23:46 | Research | Town Watch |
| 23:48 | Queue | Villager (Male) |
| 23:48 | Queue | Villager (Male) |
| 23:53 | Build | Outpost |
| 23:53 | Queue | Villager (Male) |
| 23:57 | Build | Farm |
| 23:57 | Build | Farm |
| 23:57 | Build | Farm |
| 23:58 | Build | Farm |
| 23:58 | Build | Farm |
| 23:58 | Build | Farm |
| 23:58 | Build | Farm |
| 23:59 | Build | Farm |
| 24:07 | Queue | Villager (Male) |
| 24:14 | Build | House |
| 24:19 | Queue | Villager (Male) |
| 24:22 | Queue | Villager (Male) |
| 24:27 | Queue | Villager (Male) |
| 24:30 | Queue | Villager (Male) |
| 24:36 | Queue | Villager (Male) |
| 24:48 | Build | House |
| 24:49 | Queue | Villager (Male) |
| 25:00 | Queue | Villager (Male) |
| 25:03 | Queue | Villager (Male) |
| 25:14 | Queue | Villager (Male) |
| 25:19 | Build | Monastery |
| 25:20 | Queue | Villager (Male) |
| 25:28 | Queue | Villager (Male) |
| 25:42 | Queue | Villager (Male) |
| 25:44 | Queue | Villager (Male) |
| 25:49 | Queue | Villager (Male) |
| 25:59 | Queue | Villager (Male) |
| 26:03 | Queue | Villager (Male) |
| 26:07 | Queue | Villager (Male) |
| 26:14 | Queue | Villager (Male) |
| 26:17 | Research | Fletching |
| 26:32 | Build | Mill |
| 26:43 | Build | Barracks |
| 26:44 | Queue | Villager (Male) |
| 26:46 | Queue | Villager (Male) |
Match timeline
| 8:52 | The Chancellor · age_up feudal |
| 9:07 | OS | pilot · wall_segment Palisade Wall x8 |
| 9:19 | OS | pilot · wall_segment Palisade Wall x16 |
| 9:53 | OS | pilot · wall_segment Palisade Wall x9 |
| 10:04 | OS | pilot · wall_segment Palisade Wall x1 |
| 10:22 | OS | pilot · wall_segment Palisade Wall x1 |
| 10:23 | OS | pilot · wall_segment Palisade Wall x1 |
| 10:24 | The Chancellor · wall_segment Palisade Wall x1 |
| 10:25 | The Chancellor · wall_segment Palisade Wall x1 |
| 10:26 | The Chancellor · wall_segment Palisade Wall x1 |
| 10:27 | The Chancellor · wall_segment Palisade Wall x1 |
| 10:39 | OS | pilot · wall_segment Palisade Wall x1 |
| 10:56 | OS | pilot · age_up feudal |
| 12:18 | OS | pilot · first_market_sell 100 stone |
| 12:19 | OS | pilot · first_market_buy 100 food |
| 15:02 | OS | pilot · age_up castle |
| 15:06 | OS | pilot · first_building Siege Workshop |
| 15:07 | The Chancellor · wall_segment Stone Wall x1 |
| 15:08 | The Chancellor · wall_segment Stone Wall x1 |
| 15:08 | The Chancellor · wall_segment Stone Wall x1 |
| 15:09 | The Chancellor · wall_segment Stone Wall x1 |
| 15:09 | The Chancellor · wall_segment Stone Wall x1 |
| 15:09 | The Chancellor · wall_segment Stone Wall x1 |
| 15:10 | The Chancellor · wall_segment Stone Wall x1 |
| 15:11 | The Chancellor · wall_segment Stone Wall x1 |
| 20:51 | The Chancellor · first_market_sell 100 food |
| 21:08 | OS | pilot · wall_segment Stone Wall x1 |
| 23:35 | The Chancellor · age_up castle |
| 23:45 | The Chancellor · first_building Monastery |
| 24:23 | The Chancellor · first_market_buy 100 stone |
| 24:38 | The Chancellor · first_building Castle |
| 25:19 | OS | pilot · first_building Monastery |
| 26:19 | The Chancellor · first_building Siege Workshop |
| 26:43 | OS | pilot · first_building Barracks |
| 27:20 | OS | pilot · first_building Archery Range |
| 29:30 | OS | pilot · first_building Castle |
| 33:06 | OS | pilot · age_up imperial |
| 37:03 | The Chancellor · age_up imperial |
| 47:05 | The Chancellor · wall_segment Stone Wall x1 |
| 47:39 | The Chancellor · wall_segment Stone Wall x2 |
| 48:11 | The Chancellor · wall_segment Stone Wall x1 |
| 48:13 | The Chancellor · wall_segment Stone Wall x1 |
| 52:01 | The Chancellor · wall_segment Stone Wall x1 |
| 52:57 | The Chancellor · resign |
[ AI ANALYSIS · 1 CREDIT ]
What really happened in this match?
Wolo.gg analyzes every decision: build order, eco, micro, common mistakes by bracket. Personalized analysis on WhatsApp or Discord in 30 seconds.
Civ guide
Teutons
Perfil
The Chancellor